 Dungeon Crawl Stone Soup version 0.31-a0-246-g8cbcc1cb85 (webtiles) character file.

Game seed: 13036723180217333892

1386 Dittersdorf the Shield-Bearer (level 8, -6/52 HPs)
             Began as a Gargoyle Fighter on July 12, 2023.
             Mangled by a mummy (12 damage)
             ... in an ossuary.
             The game lasted 00:06:09 (4334 turns).

Dittersdorf the Shield-Bearer (Gargoyle Fighter)    Turns: 4334, Time: 00:06:10

Health: -6/52      AC: 18    Str: 23    XL:     8   Next: 67%
Magic:  8/8        EV: 10    Int:  8    God:
Gold:   278        SH: 11    Dex:  9    Spells: 7/7 levels left

rFire   . . .        n - +0 morningstar
rCold   + . .        c - +1 buckler
rNeg    + . .        q - +2 ring mail of a bailey {rElec rC+}
rPois   ∞            (no helmet)
rElec   +            (no cloak)
rCorr   .            f - +2 pair of gloves
SInv    +            a - +0 pair of boots
Will    .....        h - amulet of reflection Stlth
                     m - ring of see invisible
HPRegen 0.28/turn    (no ring)
MPRegen 0.11/turn

%: reflection
@: no status effects
A: sickness immunity, AC +5, negative energy resistance 1, electricity
resistance, torment resistance 1, petrification resistance
a: no special abilities


You were in an ossuary.
You visited 1 branch of the dungeon, and saw 6 of its levels.
You also visited: Ossuary.

You collected 278 gold pieces.

Inventory:

Hand Weapons
 n - a +0 morningstar (weapon)
Armour
 a - a +0 pair of boots (worn)
 c - a +1 buckler (worn)
 f - a +2 pair of gloves (worn)
 q - the +2 ring mail of a bailey (worn) {rElec rC+}
   (You found it on level 2 of the Dungeon)

   rC:        It protects you from cold.
   rElec:     It insulates you from electricity.
Jewellery
 h - an amulet of reflection (around neck)
 m - a ring of see invisible (left hand)
Scrolls
 j - a scroll of fog
Potions
 b - a potion of lignification {unknown}
 d - 2 potions of might
 e - 2 potions of curing {unknown}
 i - a potion of berserk rage
 k - 2 potions of heal wounds
 l - a potion of enlightenment
 o - a potion of mutation
 r - a potion of haste


   Skills:
 + Level 6.5 Fighting
 + Level 5.4 Maces & Flails
 + Level 6.5 Armour
 + Level 6.5 Shields


You had 7 spell levels left.
You didn't know any spells.
Your spell library contained the following spells:

 Spells                   Type           Power      Damage    Failure   Level
 Momentum Strike          Conj/Tloc      0%         3d8       75%         2
 Ozocubu's Armour         Ice            0%         N/A       93%         3
 Volatile Blastmotes      Fire/Tloc      0%         2d10      93%         3
 Metabolic Englaciation   Hex/Ice        0%         N/A       100%        5
 Dispersal                Tloc           0%         N/A       100%        6
 Simulacrum               Ice/Necr       0%         N/A       100%        6


Dungeon Overview and Level Annotations

Branches:
Dungeon (6/15)             Temple (0/1) D:6         Ossuary (1/1)

Altars:
Uskayaw
Yredelemnul


Innate Abilities, Weirdness & Mutations

You are immune to sickness and miasma.
Your stone body is resilient. (AC +5)
You are immune to poison.
You resist negative energy. (rN+)
You are resistant to electric shocks. (rElec)
You are resistant to unholy torment.
You are immune to petrification.


Message History

You barely miss the orc zombie. The orc zombie closely misses you.
You hit the orc zombie but do no damage.
You block the orc zombie's attack. The mummy hits you but does no damage.
You sock the orc zombie!
You destroy the orc zombie!
You block the mummy's attack.
You barely miss the mummy. The mummy hits you.
* * * LOW HITPOINT WARNING * * *
You barely miss the mummy. You block the mummy's attack.
The mummy hits you but does no damage. The mummy closely misses you.
You barely miss the mummy. The mummy hits you but does no damage.
You block the mummy's attack. x2
You hit the mummy.
The mummy is lightly damaged.
You block the mummy's attack.
You barely miss the mummy.
The mummy is lightly damaged.
You block the mummy's attack. The mummy hits you!
* * * LOW HITPOINT WARNING * * *
You barely miss the mummy.
The mummy is lightly damaged.
You block the mummy's attack. The mummy closely misses you.
You block the mummy's attack.
You closely miss the mummy.
The mummy is lightly damaged.
You block the mummy's attack. The mummy barely misses you.
You block the mummy's attack.
You barely miss the mummy.
The mummy is lightly damaged.
You block the mummy's attack.
The mummy hits you but does no damage. x2
You hit the mummy but do no damage.
The mummy is lightly damaged.
You block the mummy's attack.
You closely miss the mummy.
The mummy is lightly damaged.
You block the mummy's attack. The mummy closely misses you.
You sock the mummy!
The mummy is almost destroyed.
The mummy hits you but does no damage. The mummy hits you!
You die...

##....##
#....#
#....#
#....#
#....#
#....#
#....#
#MM..#
#@M∩.#
######


You could see 3 mummies.

Vanquished Creatures
  A hornet (D:5)
  Menkaure (D:4)
  A water moccasin (D:5)
  2 ice beasts (D:5)
  A phantom (D:4)
  2 scorpions (D:5)
  A howler monkey (D:4)
  3 hounds
  2 orc priests
  A sleepcap (D:4)
  3 iguanas
  4 orc wizards
  3 mummies (Ossuary)
  5 adders
  A white imp (D:6)
  2 worms
  The ghost of AwFulAwFulPlayer the Sneak, a weakling DrDe (D:5)
  A dart slug (D:2)
  15 orcs
  3 endoplasms
  4 giant cockroaches
  A gnoll zombie (Ossuary)
  5 hobgoblins
  2 jackals (D:2)
  4 quokkas
  5 ball pythons
  10 bats
  3 frilled lizards (D:1)
  8 goblins
  A hobgoblin zombie (Ossuary)
  7 kobolds
  2 kobold zombies (Ossuary)
  4 orc zombies (Ossuary)
  7 rats
116 creatures vanquished.

Notes
Turn   | Place    | Note
-------+----------+-------------------------------------------
     0 | D:1      | Dittersdorf the Gargoyle Fighter began the quest for the
                  | Orb.
     0 | D:1      | Reached XP level 1. HP: 14/14 MP: 1/1
   105 | D:1      | Reached XP level 2. HP: 18/19 MP: 2/2
   584 | D:1      | Reached XP level 3. HP: 20/23 MP: 3/3
  1051 | D:2      | Identified the +2 ring mail of a bailey {rElec rC+}
  1187 | D:2      | Reached XP level 4. HP: 28/29 MP: 4/4
  1652 | D:3      | Reached XP level 5. HP: 33/33 MP: 5/5
  1948 | D:3      | Found a basalt altar of Yredelemnul.
  2013 | D:3      | Found a faded altar of an unknown god.
  2326 | D:4      | Reached XP level 6. HP: 39/39 MP: 6/6
  2784 | D:4      | Reached skill level 5 in Fighting
  2784 | D:4      | Reached skill level 5 in Shields
  2928 | D:4      | Noticed Menkaure
  2936 | D:4      | Killed Menkaure
  2937 | D:4      | Reached skill level 5 in Armour
  2937 | D:4      | Reached XP level 7. HP: 44/44 MP: 7/7
  3142 | D:5      | Entered Level 5 of the Dungeon
  3181 | D:5      | Found a runed translucent door.
  3189 | D:5      | Noticed AwFulAwFulPlayer's ghost (weakling DrDe)
  3302 | D:5      | Noticed a +0 hand axe
  3302 | D:5      | Noticed a +0 dagger
  3305 | D:5      | Found a hide-covered altar of Uskayaw.
  3377 | D:5      | Got the Codex of the Polar Compass
  3588 | D:5      | Reached XP level 8. HP: 51/51 MP: 8/8
  3658 | D:5      | Noticed a hornet
  3680 | D:5      | Killed a hornet
  3681 | D:5      | Reached skill level 5 in Maces & Flails
  4194 | D:5      | Killed AwFulAwFulPlayer's ghost
  4257 | D:6      | Found a sand-covered staircase.
  4262 | Ossuary  | Entered an ossuary
  4334 | Ossuary  | Mangled by a mummy

Illustrated notes

Levels and vault maps discovered:
D:1:      dpeg_arrival_subterranean_lakeside_camping, layout_basic
D:2:      layout_basic
D:3:      minmay_evil_eye, layout_basic, mainiacjoe_overflow_alcove_1,
          hellmonk_ecumenical_altar_crossroads
D:4:      nicolae_cairo_tiling_large, layout_cave_pods, uniq_menkaure
D:5:      layout_loops_ring, dancing_weapons_uskayaw, ebering_ghost_sewer_d,
          palyth_stone_intersect
D:6:      layout_loops_ring, minmay_temple_entry_ruins,
          nicolae_ossuary_entry_ruins
Ossuary:  ossuary_tomb_3

Skill      XL: |  1  2  3  4  5  6  7  8 |
---------------+-------------------------+-----
Shields        | 4 5 6 |  6.5
Fighting       | 4 5 6 |  6.5
Armour         | 4 5 6 |  6.5
Maces & Flails | 3 4 5 |  5.4

Action                     |  1- 3 |  4- 6 |  7- 9 || total
---------------------------+-------+-------+-------++-------
  Melee: Flail             |   163 |   153 |       ||   316
         Morningstar       |       |    36 |   178 ||   214
    Use: Scroll            |       |     8 |     6 ||    14
 Armour: Scale mail        |    88 |       |       ||    88
         Ring mail         |     5 |    87 |    77 ||   169
  Dodge: Dodged            |    69 |    87 |    77 ||   233
  Block: Buckler           |    86 |   107 |   114 ||   307
         Reflection        |     1 |     1 |       ||     2

Table legend: (Time is in decaauts)
 A = Elapsed time spent in this place.
 B = Non-inter-level travel time spent in this place.
 C = Inter-level travel time spent in this place.
 D = Time resting spent in this place.
 E = Time spent auto-exploring this place.
 F = Levels seen in this place.
 G = Mean time per level.
                   A        B        C        D        E       F      G
               +--------+--------+--------+--------+--------+-----+--------+
         Total |   4504 |   4355 |    149 |    204 |   2953 |   7 |  643.4 |
       Dungeon |   4422 |   4273 |    149 |    204 |   2948 |   6 |  737.0 |
       Ossuary |     81 |     81 |      0 |      0 |      5 |   1 |   81.0 |
               +--------+--------+--------+--------+--------+-----+--------+

Top non-repeatable levels by time:
     D:5: 1106 daAuts
     D:4: 1009 daAuts
     D:1: 880 daAuts
     D:3: 756 daAuts
     D:2: 641 daAuts
 Ossuary: 81 daAuts
     D:6: 28 daAuts
